 Dungeon Crawl Stone Soup version 0.31.0-4-g52a2dc7128 (webtiles) character file.

Game seed: 12524726944090147411

578898 Majang the Sorcerer (level 27, -5/156 HPs)
             Began as a Gargoyle Earth Elementalist on Jan 21, 2024.
             Was the Champion of Vehumet.
             Killed from afar by Frederick (51 damage)
             ... on level 1 of the Crypt on Jan 23, 2024.
             The game lasted 08:14:18 (69643 turns).

Majang the Sorcerer (Gargoyle Earth Elementalist)  Turns: 69643, Time: 08:14:19

Health: -5/156     AC: 31    Str: 20    XL:     27
Magic:  32/50      EV: 16    Int: 44    God:    Vehumet [******]
Gold:   5890       SH:  7    Dex: 13    Spells: 5/72 levels left

rFire   . . .        a - staff "Jenis" {rC+ Int+3 Ice}
rCold   + . .        C - +2 buckler
rNeg    + . .        l - +1 robe "Vesu" {rF- Str+3 Archmagi}
rPois   ∞            G - +2 helmet {Int+3}
rElec   +            D - scarf {rC+ rF+}
rCorr   .            J - +1 pair of gloves of the Griffon {+Inv Str+4 Dex+3}
SInv    .            X - +2 pair of boots
Will    ++...        u - amulet of Dim Light {RegenMP Rampage rElec Int+3}
Stlth   ++           n - ring of fire
HPRegen 0.46/turn    T - +6 ring of intelligence
MPRegen 0.72/turn

%: rampage, archmagi
@: fire vulnerable, flying, very slightly contaminated, studying 3 skills
A: sickness immunity, AC +20, big wings, negative energy resistance 1,
electricity resistance, torment resistance 1, petrification resistance
}: 3/15 runes: decaying, serpentine, silver
a: Renounce Religion, Evoke Invisibility


You were on level 1 of the Crypt.
You worshipped Vehumet.
Vehumet was exalted by your worship.
You visited 11 branches of the dungeon, and saw 45 of its levels.
You visited the Abyss 1 time.
You also visited: Ice Cave, Volcano, Wizlab and Desolation.

You collected 7808 gold pieces.
You spent 1918 gold pieces at shops.

Inventory:

Missiles
 f - 12 javelins
 r - 4 silver javelins
Armour
 d - the +0 robe "Pepsaon" {rN+ rCorr Dex-4 SInv}
   (You found it on level 3 of the Depths)

   Dex-4:     It affects your dexterity (-4).
   rN+:       It protects you from negative energy.
   SInv:      It lets you see invisible.
   rCorr:     It protects you from acid and corrosion.
 l - the +1 robe "Vesu" (worn) {rF- Str+3 Archmagi}
   (You found it on level 5 of the Vaults)

   Str+3:     It affects your strength (+3).
   rF-:       It makes you vulnerable to fire.
   Archmagi:  It increases the power of your magical spells.
 C - a +2 buckler (worn)
 D - a scarf of resistance (worn)
 G - a +2 helmet of intelligence (worn)
 J - the +1 pair of gloves of the Griffon (worn) {+Inv Str+4 Dex+3}
   (You found it on level 3 of the Elven Halls)

   Str+4:     It affects your strength (+4).
   Dex+3:     It affects your dexterity (+3).
   +Inv:      It lets you turn invisible.
 N - a +2 robe of resistance
 X - a +2 pair of boots (worn)
Magical Staves
 a - the staff "Jenis" (weapon) {rC+ Int+3 Ice}
   (You found it on level 4 of the Snake Pit)

   [staff of cold]

   Base accuracy: +5 Base damage: 5 Base attack delay: 1.2 This weapon's minimum
   attack delay (0.6) is reached at skill level 12.
   Int+3:     It affects your intelligence (+3).
   rC+:       It protects you from cold.
   Ice:       It increases the power of your Ice spells.
   It falls into the 'Staves' category.
   It is a one-handed weapon.
 b - a staff of conjuration
Jewellery
 n - a ring of fire (left hand)
 p - a ring of see invisible
 u - the amulet of Dim Light (around neck) {RegenMP Rampage rElec Int+3}
   (You found it in the Desolation of Salt)

   [amulet of magic regeneration]

   RegenMP:   It increases your rate of magic regeneration.
   Int+3:     It affects your intelligence (+3).
   rElec:     It insulates you from electricity.
   Rampage:   It bestows one free step when moving towards enemies.
 T - a +6 ring of intelligence (right hand)
Wands
 v - a wand of acid (29)
 w - a wand of digging (31)
 z - a wand of iceblast (32)
Scrolls
 i - 2 scrolls of enchant armour
 m - 4 scrolls of fog
 t - 19 scrolls of teleportation
 y - 7 scrolls of revelation
 B - 7 scrolls of immolation
 R - 10 scrolls of poison
 U - a scroll of blinking
Potions
 c - 4 potions of cancellation
 g - 7 potions of heal wounds
 k - 6 potions of invisibility
 o - 14 potions of curing
 q - 7 potions of haste
 s - 6 potions of magic
 F - 2 potions of mutation
 H - 2 potions of resistance
 I - 11 potions of ambrosia
 L - a potion of brilliance
Miscellaneous
 e - a lightning rod (4/4)
 A - a phantom mirror
 M - a tin of tremorstones (2/2)
 Q - a box of beasts


   Skills:
 + Level 11.7 Fighting
 - Level 12.1 Staves
 + Level 4.9 Throwing
 + Level 11.0 Dodging
 - Level 2.1 Stealth
 - Level 6.0 Shields
 * Level 23.2 Spellcasting
 + Level 21.6 Conjurations
 + Level 3.2 Necromancy
 + Level 20.8 Fire Magic
 + Level 21.6 Earth Magic
 + Level 12.2 Evocations


You had 5 spell levels left.
You knew the following spells:

 Your Spells              Type           Power      Damage    Failure   Level
b - Bombard               Conj/Erth      76%        9d12      0%          6
c - Lehudib's Crystal Sp  Conj/Erth      76%        10d17     1%          8
e - Fireball              Conj/Fire      88%        3d32      0%          5
f - Fire Storm            Conj/Fire      88%        8d22      1%          9
i - Ignition              Fire           88%        3d22      1%          8
l - Lee's Rapid Deconstr  Erth           76%        3d34*     0%          5
q - Shatter               Erth           76%        3d55*     1%          9
s - Starburst             Conj/Fire      88%        6d22      0%          6
w - Passwall              Erth           100%       N/A       0%          3
B - Borgnjor's Revivific  Necr           44%        N/A       100%        8

Your spell library contained the following spells:

 Spells                   Type           Power      Damage    Failure   Level
 Polar Vortex             Ice            43%        12d5*     100%        9
 Foxfire                  Conj/Fire      100%       2x1d9     0%          1
 Kiss of Death            Conj/Necr      100%       2d13      0%          1
 Magic Dart               Conj           100%       1d8       0%          1
 Sandblast                Erth           100%       2d20      0%          1
 Shock                    Conj/Air       100%       1d9       0%          1
 Sting                    Conj/Alch      100%       1d9       0%          1
 Momentum Strike          Conj/Tloc      100%       3d10      0%          2
 Scorch                   Fire           100%       2d9       0%          2
 Searing Ray              Conj           100%       2d8       0%          2
 Static Discharge         Conj/Air       100%       3-8/arc   0%          2
 Dazzling Flash           Conj/Hex       100%       N/A       0%          3
 Hailstorm                Conj/Ice       100%       3d16      0%          3
 Stone Arrow              Conj/Erth      100%       3d13      0%          3
 Volatile Blastmotes      Fire/Tloc      100%       2d18      0%          3
 Brom's Barrelling Bould  Conj/Erth      100%       2d11      0%          4
 Iskenderun's Battlesphe  Conj           100%       2d15      0%          5
 Apportation              Tloc           100%       N/A       1%          1
 Freeze                   Ice            100%       1d10      1%          1
 Necrotise                Necr           100%       1d9       1%          1
 Slow                     Hex            100%       N/A       1%          1
 Jinxbite                 Hex            100%       N/A       1%          2
 Lesser Beckoning         Tloc           100%       N/A       1%          2
 Mercury Vapours          Alch/Air       100%       N/A       1%          2
 Call Canine Familiar     Summ           66%        N/A       1%          3
 Confusing Touch          Hex            66%        N/A       1%          3
 Frozen Ramparts          Ice            100%       1d16      1%          3
 Fugue of the Fallen      Necr           88%        N/A       1%          3
 Mephitic Cloud           Conj/Alch/Air  100%       N/A       1%          3
 Ozocubu's Armour         Ice            86%        N/A       1%          3
 Sigil of Binding         Hex            66%        N/A       1%          3
 Summon Ice Beast         Ice/Summ       86%        N/A       1%          3
 Tukima's Dance           Hex            66%        N/A       1%          3
 Vampiric Draining        Necr           88%        2d12      1%          3
 Animate Armour           Summ/Erth      100%       N/A       1%          4
 Animate Dead             Necr           88%        N/A       1%          4
 Fulminant Prism          Conj/Alch      60%        3d26      1%          4
 Ignite Poison            Fire/Alch      100%       N/A       1%          4
 Iskenderun's Mystic Bla  Conj/Tloc      100%       2d19      1%          4
 Leda's Liquefaction      Alch/Erth      60%        N/A       1%          4
 Olgreb's Toxic Radiance  Alch           66%        N/A       1%          4
 Petrify                  Alch/Erth      100%       N/A       1%          4
 Sticky Flame             Fire/Alch      100%       2d15      1%          4
 Arcjolt                  Conj/Air       60%        1d70      1%          5
 Borgnjor's Vile Clutch   Necr/Erth      63%        N/A       1%          5
 Freezing Cloud           Conj/Ice/Air   65%        6-21      1%          5
 Irradiate                Conj/Alch      60%        3d31      1%          5
 Curse of Agony           Necr           88%        N/A       3%          5
 Yara's Violent Unravell  Hex/Alch       33%        3d14      3%          5
 Cause Fear               Hex            33%        N/A       4%          4
 Dimensional Bullseye     Hex/Tloc       33%        N/A       4%          4
 Manifold Assault         Tloc           66%        N/A       4%          4
 Passage of Golubria      Tloc           66%        N/A       4%          4
 Summon Lightning Spire   Summ/Air       66%        N/A       4%          4
 Vhi's Electric Charge    Tloc/Air       100%       N/A       4%          4
 Alistair's Intoxication  Alch           44%        N/A       12%         5
 Metabolic Englaciation   Hex/Ice        43%        N/A       12%         5
 Silence                  Hex/Air        33%        N/A       12%         5
 Summon Forest            Summ/Tloc      33%        N/A       12%         5
 Summon Mana Viper        Hex/Summ       66%        N/A       12%         5
 Conjure Ball Lightning   Conj/Air       60%        3x3d22    1%          6
 Plasma Beam              Fire/Air       72%        2x1d89    1%          6
 Orb of Destruction       Conj           76%        9d17      1%          7
 Spellforged Servitor     Conj/Summ      60%        N/A       1%          7
 Death Channel            Necr           44%        N/A       17%         6
 Eringya's Noxious Bog    Alch           33%        4d6       17%         6
 Dispersal                Tloc           33%        N/A       54%         6
 Sculpt Simulacrum        Ice/Alch       43%        N/A       54%         6
 Summon Cactus Giant      Summ           33%        N/A       54%         6
 Ozocubu's Refrigeration  Ice            43%        4d17      63%         7
 Chain Lightning          Conj/Air       60%        3d80      73%         9
 Haunt                    Necr/Summ      39%        N/A       87%         7
 Enfeeble                 Hex            33%        N/A       98%         7
 Malign Gateway           Summ/Tloc      33%        N/A       98%         7
 Maxwell's Capacitive Co  Air            33%        ∞         99%         8
 Discord                  Hex            33%        N/A       100%        8
 Disjunction              Tloc           33%        N/A       100%        8
 Summon Horrible Things   Summ           33%        N/A       100%        8
 Death's Door             Necr           44%        N/A       100%        9


Dungeon Overview and Level Annotations

Branches:
Dungeon (15/15)            Temple (1/1) D:7            Lair (5/5) D:11
  Swamp (4/4) Lair:3        Snake (4/4) Lair:3        Slime (0/5) Lair:5
    Orc (2/2) D:12            Elf (3/3) Orc:2        Vaults (5/5) D:14
  Crypt (1/3) Vaults:3     Depths (4/4) D:15           Hell (visited)
    Dis (0/7) Hell            Geh (0/7) Hell            Coc (0/7) Hell
    Tar (0/7) Hell            Zot (0/5) Depths:4      IceCv (visited)
Volcano (visited)          WizLab (visited)         Desolation (visited)

Altars:
Ashenzari
Cheibriados
Dithmenos
Elyvilon
Fedhas
Gozag
Hepliaklqana
Kikubaaqudgha
Makhleb
Nemelex Xobeh
Okawaru
Qazlal
Ru
Sif Muna
Trog
Uskayaw
Vehumet
Wu Jian
Xom
Yredelemnul
Zin
The Shining One
Jiyva
Lugonu

Shops:
D:7 *   D:14 *   Orc:2 ([=[   Snake:4 ?   Vaults:2 *   Vaults:4 *   Depths:1 =

Portals:
Hell: Depths:1 Depths:2 Depths:3 Depths:4
Abyss: Lair:4 Depths:1 Depths:3
Pandemonium: Depths:2
Ziggurat: Depths:4

Annotations:
Crypt:1 Frederick


Innate Abilities, Weirdness & Mutations

You are immune to sickness and miasma.
Your stone body is resilient. (AC +20)
You are immune to poison.
Your large and strong wings let you fly.
You resist negative energy. (rN+)
You are resistant to electric shocks. (rElec)
You are resistant to unholy torment.
You are immune to petrification.


Message History

Your fire vortex dissipates!
Casting: Fire Storm (dangerous; 1% risk of failure)
Confirm with . or Enter, or press ? or * to list all spells.
Aiming: Fire Storm (dangerous; 1% risk of failure)
Press: ? - help, Dir - move target You feel a strong surge of power!
A raging storm of fire appears!
The great blast of fire engulfs the searing wretch!!!
The searing wretch partially resists.
The searing wretch is almost destroyed.
Unknown command.
Casting: Fire Storm (dangerous; 1% risk of failure)
Confirm with . or Enter, or press ? or * to list all spells.
Aiming: Lee's Rapid Deconstruction (safe; 0% risk of failure)
Press: ? - help, Dir - move target A stone wall.
You feel a surge of power!
The wall shatters!
The blast of rock fragments hits the searing wretch!!!!
You destroy the searing wretch!
Vehumet accepts your kill.
You feel your power returning.
You start resting.
Frederick the Flawless comes into view.
He is wielding a +3 demon trident and wearing the orb "Cucvo" {*channel, Regen+ Dex-3 SInv Ice}.
Casting: Lee's Rapid Deconstruction (safe; 0% risk of failure)
Confirm with . or Enter, or press ? or * to list all spells.
Aiming: Fire Storm (dangerous; 1% risk of failure)
Press: ? - help, Dir - move target You feel a strong surge of power!
A raging storm of fire appears!
The great blast of fire engulfs Frederick!!!
Frederick is heavily wounded.
Frederick shouts!
Frederick is engulfed in blazing flames.
Frederick says, "Challenge me?
You, and whose army?"
Vehumet accepts your kill.
You feel a bit more experienced.
Your Dodging skill increases to level 11!
Frederick is engulfed in blazing flames.
Frederick gestures wildly while chanting.
The bolt of lightning misses you. The fiery plasma hits you!!!
You die...
Frederick scoffs, "You didn't have a chance."

..# #..... ...# ..# #.... ..v#
..# #... ...# . ..# #..#
###).####.. ..# #..# .'.).....[
..#########..# )@.......
......)......# #n°......
.............###########○.......
................@....○○@°.......
################################


You could see Frederick.

Vanquished Creatures
  2 dread liches
  Mara (Swamp:3)
  Xtahua (Vaults:5)
  2 juggernauts
  Bai Suzhen (Swamp:4)
  Vashnia (Snake:4)
  Saint Roka (Vaults:1)
  4 golden dragons
  Margery (Crypt:1)
  A caustic shrike (Depths:2)
  A profane servitor (Abyss:2)
  Norris (Vaults:1)
  Nikola (Swamp:3)
  3 bone dragons
  The ghost of TuffENuff the Warrior, an adept FoFi of Cheibriados (Snake:4)
  A hellephant (Abyss:2)
  Zenata (Vaults:3)
  Jorgrun (D:13)
  4 liches
  9 tentacled monstrosities
  3 titans
  The ghost of nitefall the Warrior, an adept MiBe of Trog (Elf:3)
  4 deep elf blademasters
  A deep elf master archer (Elf:3)
  A walking frostbound tome (Depths:3)
  6 quicksilver dragons
  A searing wretch (Crypt:1)
  3 sphinxes
  4 tentacled starspawn
  An Executioner (Abyss:3)
  Frances (D:14)
  2 ancient champions (Hell)
  A shadow dragon (Vaults:2)
  2 thorn hunters (Swamp:4)
  A storm dragon (Depths:1)
  6 nagarajas (Snake:4)
  Aizul (Swamp:2)
  Donald (Swamp:1)
  4 tengu reavers
  5 fenstrider witches
  12 fire giants
  25 vault wardens
  A draconian knight (Depths:4)
  16 frost giants
  A draconian scorcher (Depths:4)
  5 balrugs
  Louise (D:14)
  8 deep elf sorcerers
  3 imperial myrmidons (Desolation)
  7 ghouls
  4 formless jellyfish
  4 iron dragons
  The ghost of Uummannaq the Severer, a journeyman MiFi of Gozag (D:14)
  An angel (Abyss:3)
  7 deep elf elementalists (Elf:3)
  A juggernaut zombie (Abyss:2)
  24 ironbound preservers
  A cacodemon (Abyss:3)
  5 reapers (Hell)
  17 stone giants
  31 very ugly things
  10 ironbound thunderhulks
  3 vampire knights
  Nessos (D:14)
  5 dire elephants
  A black draconian (Depths:4)
  A green draconian (Depths:4)
  7 deep elf demonologists
  4 eleionomae
  The ghost of Odimp the Protected, a journeyman KoWn of Wu Jian (Lair:4)
  6 deep elf death magi
  Azrael (Elf:2)
  10 deep elf annihilators
  A yellow draconian (Depths:4)
  A red draconian (Depths:4)
  9 war gargoyles
  9 spark wasps
  4 bunyips
  2 halazid warlocks (Desolation)
  3 eidola
  2 blizzard demons
  A green death (Swamp:4)
  18 ettins
  A shambling mangrove (Swamp:4)
  An entropy weaver (Vaults:2)
  2 mummy priests (WizLab)
  7 fire dragons
  A crystal guardian (Vaults:1)
  A quicksilver dragon zombie (Vaults:4)
  6 deep elf high priests
  6 servants of whispers (Desolation)
  17 yaktaur captains
  An entropy weaver (shapeshifter) (D:15)
  2 jiangshi (Depths:2)
  3 ragged hierophants (Desolation)
  Josephine (D:14)
  4 ogre magi
  3 great orbs of eyes
  14 peacekeepers
  3 hell beasts
  8 ice dragons
  4 spriggan air magi
  13 hydras
  The ghost of HourglassMan the Severer, a journeyman HOFi of Uskayaw (D:10)
  2 juggernaut simulacra
  39 vault guards
  8 rakshasas
  11 anacondas
  8 ironbound frosthearts
  8 alligators
  4 catoblepae
  2 salamander tyrants
  16 centaur warriors
  2 fenstrider witch skeletons (Swamp:3)
  A sphinx zombie (WizLab)
  3 ghost crabs (Swamp:2)
  5 boulder beetles
  31 dancing weapons
  7 deep troll shamans
  7 naga warriors
  2 two-headed ogres
  11 death yaks
  10 tengu warriors
  A vampire mage (Depths:2)
  2 occultists
  A bennu skeleton (Crypt:1)
  A demonic crawler (Hell)
  6 thrashing horrors
  5 deep troll earth magi
  14 hell knights
  5 orc high priests
  19 naga sharpshooters
  8 hell hogs
  4 spriggan berserkers
  4 shock serpents
  A skyshark (shapeshifter) (Abyss:3)
  A titan skeleton (Hell)
  19 deep elf knights
  2 sixfirhies
  6 soul eaters
  6 skysharks
  6 wretched stars
  9 spriggans
  7 iron trolls
  A shadow wraith (Vaults:5)
  10 sun demons (Hell)
  2 anaconda zombies (Hell)
  2 salamander mystics
  9 skeletal warriors
  69 deep trolls
  7 goliath frogs
  3 death drakes
  A shadow demon (Abyss:3)
  A golden dragon zombie (Depths:1)
  A spark wasp zombie (Depths:3)
  7 arcanists
  2 flayed ghosts
  7 mana vipers
  A death drake (shapeshifter) (Depths:3)
  4 glowing orange brains
  5 spriggan druids (Swamp:4)
  A harpy (shapeshifter) (D:14)
  An obsidian statue (Volcano)
  2 swamp dragons (Swamp:4)
  8 bog bodies
  Pikel (D:8)
  14 deep elf archers
  4 tengu zombies
  An orange crystal statue (D:8)
  22 ironbound convokers
  18 phantasmal warriors
  6 harpies
  2 orc knights
  A shadow dragon zombie (Hell)
  A tengu skeleton (Depths:1)
  21 deep elf pyromancers
  11 lindwurms
  7 naga ritualists
  An anaconda skeleton (Hell)
  35 deep elf zephyrmancers
  2 iron dragon zombies
  15 necromancers
  13 orc sorcerers
  3 cyclopes
  6 will-o-the-wisps
  15 salamanders
  3 stone giant zombies (WizLab)
  2 worldbinders
  4 frost giant zombies
  4 manticores
  37 ugly things
  11 large abominations
  2 alligator skeletons (Hell)
  17 elephants
  A frost giant skeleton (Depths:1)
  2 fire giant skeletons (Depths:2)
  3 meliai (D:14)
  17 guardian serpents
  9 rust devils (Hell)
  31 black mambas
  A guardian serpent (shapeshifter) (Depths:3)
  16 naga magi
  18 vault sentinels
  A titan simulacrum (Depths:1)
  A water nymph (shapeshifter) (Vaults:5)
  7 molten gargoyles
  12 smoke demons
  An apocalypse crab (Abyss:2)
  2 stone giant skeletons (Depths:1)
  A catoblepas zombie (Crypt:1)
  A yaktaur zombie (WizLab)
  A naga skeleton (Abyss:3)
  11 cane toads
  A gargoyle (D:11)
  4 unseen horrors
  3 ice statues
  An efreet (D:14)
  4 orange demons (Swamp:4)
  A rime drake (Lair:2)
  45 yaktaurs
  4 anaconda simulacra
  2 freezing wraiths (Vaults:5)
  10 komodo dragons
  A sea snake zombie (Hell)
  7 ice devils
  A tengu conjurer (D:14)
  3 ancient zymes
  3 guardian mummies (WizLab)
  A red devil (Hell)
  12 trolls
  A hydra zombie (Hell)
  2 queen bees
  7 bloated husks
  A death drake zombie (Crypt:1)
  9 hornets
  A merfolk (shapeshifter) (Depths:1)
  3 polar bears
  8 dream sheep
  19 tyrant leeches
  A hornet (shapeshifter) (D:14)
  A harpy zombie (Hell)
  3 hellwings
  6 raiju
  55 saltlings (Desolation)
  Prince Ribbit (D:5)
  A snapping turtle (shapeshifter) (Vaults:5)
  13 blink frogs
  A death drake skeleton (Crypt:1)
  2 glass eyes (Depths:2)
  4 spriggan zombies
  3 ettin zombies
  20 slime creatures
  A spriggan skeleton (Depths:2)
  2 shadows (D:12)
  11 water elementals
  2 air elementals
  A fire dragon zombie (Hell)
  6 wraiths
  3 dire elephant simulacra (IceCv)
  4 wyverns
  2 ynoxinuls (Abyss:2)
  24 yaks
  6 basilisks
  7 fire bats (Volcano)
  19 humans (D:14)
  7 vampire mosquitoes
  A golden eye (shapeshifter) (Vaults:5)
  3 wargs
  4 neqoxecs (Abyss:2)
  5 steam dragons
  6 fire elementals (Elf:2)
  A redback (Vaults:2)
  A sea snake simulacrum (Hell)
  14 starcursed masses
  3 chaos spawn
  A death drake simulacrum (Swamp:3)
  52 nagas
  A glowing shapeshifter zombie (WizLab)
  17 swamp worms
  2 acid dragons
  2 harpy simulacra
  A naga zombie (Abyss:2)
  3 hydra simulacra (IceCv)
  Duvessa (D:4)
  20 water moccasins
  4 black bears
  5 sky beasts
  4 ice beasts
  7 small abominations
  2 laughing skulls (D:15)
  7 ogres
  25 orc warriors
  15 centaurs
  2 lemures
  17 wolves
  3 boggarts (Vaults:3)
  16 bullfrogs
  A kobold brigand (D:6)
  A brain worm (Abyss:2)
  An earth elemental (Elf:1)
  2 gnoll sergeants
  A human skeleton (Vaults:4)
  A human zombie (WizLab)
  2 scorpions (D:5)
  2 glowing shapeshifter simulacra
  A two-headed ogre simulacrum (IceCv)
  Dowan (D:4)
  3 wights
  An elephant simulacrum (IceCv)
  22 killer bees
  3 electric eels
  11 howler monkeys
  A bombardier beetle (D:4)
  5 lava snakes (Volcano)
  10 hounds
  6 jellies
  31 orc priests
  A gnoll bouda (D:4)
  7 iguanas
  A sleepcap (D:5)
  14 hell rats
  A black bear skeleton (Crypt:1)
  44 orc wizards
  A spriggan simulacrum (IceCv)
  23 gnolls
  3 river rats (D:11)
  5 adders
  2 shadow imps
  A white imp (IceCv)
  2 ufetubi (Abyss:2)
  2 ribbon worms
  2 dart slugs
  72 orcs
  2 bats
  8 endoplasms
  2 giant cockroaches (D:3)
  4 goblins
  4 hobgoblins
  15 jackals (D:4)
  4 quokkas
  6 ball pythons
  2 frilled lizards
  5 kobolds
  7 rats
  8 fire vortices
  3 starspawn tentacles (Abyss:2)
2286 creatures vanquished.

Vanquished Creatures (collateral kills)
  Geryon (Hell)
  A lich (Abyss:3)
  A deep elf elementalist (Elf:3)
  2 ghouls
  A draconian stormcaller (Depths:4)
  A stone giant (Depths:2)
  A naga warrior (Snake:3)
  A soul eater (Crypt:1)
  A salamander mystic (Snake:3)
  A deep elf pyromancer (Elf:3)
  A naga mage (Snake:3)
  A raiju (Abyss:2)
13 creatures vanquished.

Vanquished Creatures (others)
  A fenstrider witch (Swamp:2)
  An elephant (Lair:5)
  A black mamba (Lair:5)
  A bloated husk (Swamp:3)
  An orc wizard (Orc:1)
  129 fire vortices
  10 foxfires
  7 starspawn tentacles (Abyss:2)
151 creatures vanquished.

Grand Total: 2450 creatures vanquished

Notes
Turn   | Place    | Note
-------+----------+-------------------------------------------
     0 | D:1      | Majang the Gargoyle Earth Elementalist began the quest for
                  | the Orb.
     0 | D:1      | Reached XP level 1. HP: 10/10 MP: 3/3
   455 | D:1      | Reached XP level 2. HP: 15/15 MP: 3/5
   805 | D:1      | Got Joahif's Quarto of Misfortune and the Fault
  1015 | D:2      | Reached XP level 3. HP: 19/19 MP: 5/7
  1019 | D:2      | Learned a level 3 spell: Stone Arrow
  1117 | D:2      | Identified the +9 chain mail of Idealism {rN+}
  1293 | D:2      | Reached skill level 3 in Spellcasting
  1432 | D:3      | Found a stormy altar of Qazlal.
  1443 | D:3      | Found a bloodstained altar of Trog.
  1492 | D:3      | Reached XP level 4. HP: 20/24 MP: 1/8
  2282 | D:4      | Noticed Duvessa
  2480 | D:4      | HP: 1/24 [Duvessa/+4 short sword of electrocution (5)]
  2481 | D:4      | Killed Duvessa
  2482 | D:4      | Reached skill level 4 in Spellcasting
  2482 | D:4      | Reached skill level 5 in Earth Magic
  2482 | D:4      | Reached XP level 5. HP: 1/28 MP: 0/11
  2639 | D:4      | Reached XP level 6. HP: 32/32 MP: 6/12
  2809 | D:4      | Noticed Dowan
  2815 | D:4      | Killed Dowan
  3389 | D:5      | Entered Level 5 of the Dungeon
  3398 | D:4      | Reached skill level 1 in Fighting
  3398 | D:4      | Reached skill level 1 in Staves
  3398 | D:4      | Reached skill level 1 in Fire Magic
  3398 | D:4      | Reached XP level 7. HP: 38/38 MP: 2/14
  3526 | D:4      | Reached skill level 1 in Evocations
  3714 | D:5      | Reached skill level 5 in Spellcasting
  3966 | D:5      | Noticed Prince Ribbit
  3972 | D:5      | Killed Prince Ribbit
  3973 | D:5      | Reached XP level 8. HP: 45/45 MP: 6/16
  4953 | D:6      | Found a shadowy altar of Dithmenos.
  5051 | D:6      | Reached skill level 6 in Spellcasting
  5183 | D:6      | Identified the +2 robe of Watchfulness {^Contam rF+ Int+3}
  5394 | D:6      | Reached XP level 9. HP: 51/51 MP: 14/18
  5629 | D:7      | Found a staircase to the Ecumenical Temple.
  5635 | Temple   | Entered the Ecumenical Temple
  5643 | Temple   | Became a worshipper of Vehumet
  6198 | D:4      | Reached * piety under Vehumet
  6198 | D:4      | Offered knowledge of Foxfire by Vehumet.
  6213 | D:4      | Learned a level 1 spell: Foxfire
  6415 | D:4      | Reached skill level 5 in Conjurations
  6632 | D:7      | Offered knowledge of Scorch by Vehumet.
  6636 | D:7      | Learned a level 2 spell: Scorch
  6656 | D:7      | Reached ** piety under Vehumet
  6755 | D:7      | Found a large runed translucent door.
  6755 | D:7      | Found a large runed translucent door.
  6760 | D:7      | Noticed a troll
  6766 | D:7      | Found a large runed translucent door.
  6766 | D:7      | Found a large runed translucent door.
  6801 | D:7      | Reached skill level 7 in Spellcasting
  6896 | D:7      | Reached XP level 10. HP: 58/58 MP: 13/20
  6911 | D:7      | Killed an unseen horror
  7428 | D:7      | Reached skill level 5 in Fighting
  7679 | D:7      | Found Ceprel's Assorted Antiques.
  7685 | D:7      | Bought a scroll labelled JISEWU YCARI for 28 gold pieces
  7685 | D:7      | Bought a blackened ivory wand for 112 gold pieces
  7685 | D:7      | Bought a shiny wooden ring for 140 gold pieces
  7719 | D:7      | Offered knowledge of Momentum Strike by Vehumet.
  8054 | D:8      | You fall into a shaft and drop 2 floors!
  8054 | D:10     | Entered Level 10 of the Dungeon
  8440 | D:8      | Noticed a two-headed ogre
  8461 | D:8      | Killed a two-headed ogre
  8462 | D:8      | Reached skill level 8 in Spellcasting
  8582 | D:8      | Reached *** piety under Vehumet
  8584 | D:8      | Noticed Pikel
  8589 | D:8      | Killed Pikel
  8692 | D:8      | Reached XP level 11. HP: 64/64 MP: 23/23
  8913 | D:8      | Noticed an orange crystal statue
  9006 | D:9      | Reached skill level 5 in Staves
  9450 | D:9      | Learned a level 6 spell: Bombard
  9771 | D:10     | Noticed HourglassMan's ghost (journeyman HOFi)
  9908 | D:10     | Noticed a lindwurm
  9908 | D:10     | Noticed a lindwurm
  9917 | D:10     | Killed a lindwurm
  9917 | D:10     | Noticed a lindwurm
  9920 | D:10     | Noticed a lindwurm
 10046 | D:10     | Killed a lindwurm
 10048 | D:10     | Killed a lindwurm
 10049 | D:10     | Reached skill level 1 in Shields
 10052 | D:10     | Killed a lindwurm
 10168 | D:10     | Identified the +8 chain mail "Vouk" {rPois rF- Str+8 Dex-4}
 10170 | D:10     | Got the Secrets of Overcast Iniquitous Rites
 10183 | D:10     | Got the Treatise on Mercurial Relocation
 10189 | D:10     | Learned a level 4 spell: Sticky Flame
 10249 | D:10     | Found a transporter.
 10250 | D:10     | Found a transporter.
 10360 | D:10     | Offered knowledge of Inner Flame by Vehumet.
 10797 | D:11     | Noticed a death yak
 10797 | D:11     | Noticed a death yak
 10818 | D:11     | Noticed a death yak
 10820 | D:11     | Killed a death yak
 10823 | D:11     | Killed a death yak
 10824 | D:11     | Reached skill level 5 in Dodging
 10824 | D:11     | Reached skill level 5 in Evocations
 10832 | D:11     | Killed a death yak
 10950 | D:11     | Found a staircase to the Lair.
 11091 | D:11     | Noticed a cyclops
 11136 | D:11     | Killed a cyclops
 11137 | D:11     | Reached skill level 9 in Spellcasting
 11913 | D:11     | Reached XP level 12. HP: 53/71 MP: 4/25
 12029 | Lair:1   | Entered Level 1 of the Lair of Beasts
 12042 | Lair:1   | Reached **** piety under Vehumet
 12179 | Lair:1   | Offered knowledge of Yara's Violent Unravelling by Vehumet.
 12419 | Lair:1   | Identified the +9 flail of the Median {protect, Int+3
                  | Stlth+}
 12440 | Lair:1   | Reached skill level 5 in Fire Magic
 12495 | Lair:1   | Noticed a skyshark
 12506 | Lair:1   | Killed a skyshark
 13371 | Lair:2   | Noticed a death yak
 13371 | Lair:2   | Noticed a death yak
 13385 | Lair:2   | Killed a death yak
 13391 | Lair:2   | Killed a death yak
 13554 | Lair:2   | Noticed a five-headed hydra
 13560 | Lair:2   | Killed a five-headed hydra
 13757 | Lair:2   | Noticed a six-headed hydra
 13761 | Lair:2   | Killed a six-headed hydra
 14042 | Lair:2   | Reached skill level 10 in Spellcasting
 14200 | Lair:2   | Noticed a skyshark
 14204 | Lair:2   | Killed a skyshark
 14205 | Lair:2   | Reached XP level 13. HP: 76/76 MP: 12/27
 14973 | Lair:3   | Found a staircase to the Snake Pit.
 15009 | Lair:3   | Reached skill level 10 in Earth Magic
 15500 | Lair:3   | Reached skill level 5 in Shields
 15937 | Lair:3   | Found a staircase to the Swamp.
 15977 | Lair:3   | Reached ***** piety under Vehumet
 16072 | Lair:3   | Offered knowledge of Eringya's Noxious Bog by Vehumet.
 16404 | Lair:4   | Found a transporter.
 16434 | Lair:4   | Found a transporter.
 16442 | Lair:4   | Noticed a rakshasa
 16451 | Lair:4   | You fall into a shaft and drop 1 floor!
 16451 | Lair:5   | Entered Level 5 of the Lair of Beasts
 16452 | Lair:5   | Found a viscous altar of Jiyva.
 16477 | Lair:4   | Identified the +3 leather armour "Zequzyze" {Harm *Corrode
                  | rElec rF+++}
 17035 | Lair:4   | Found a glowing silver altar of Zin.
 17139 | Lair:4   | Noticed Odimp's ghost (journeyman KoWn)
 17154 | Lair:4   | Found a one-way gate to the infinite horrors of the Abyss.
 17162 | Lair:4   | Noticed a rakshasa
 17166 | Lair:4   | Noticed a white very ugly thing
 17422 | Lair:5   | Found a staircase to the Slime Pits.
 17901 | Lair:5   | Reached skill level 11 in Spellcasting
 17901 | Lair:5   | Gained mutation: Your large and strong wings let you fly.
                  | [Gargoyle growth]
 17901 | Lair:5   | Reached XP level 14. HP: 44/84 MP: 19/29
 18389 | Lair:5   | Offered knowledge of Ozocubu's Refrigeration by Vehumet.
 18669 | Lair:5   | Found a sacrificial altar of Ru.
 19700 | Lair:5   | Identified the +1 robe of the Moon {Str-3 Dex+3 Stlth+}
 20151 | D:12     | Found a glowing silver altar of Zin.
 20209 | D:12     | Found a staircase to the Orcish Mines.
 20240 | D:12     | Found a frozen archway.
 20317 | IceCv    | Entered an ice cave
 21770 | D:8      | Identified the +1 halberd of Pitz {venom, rC- MP+9 Int+3}
 22515 | Orc:1    | Entered Level 1 of the Orcish Mines
 22793 | Orc:1    | Found a dark tunnel.
 22925 | Volcano  | Entered a volcano
 22986 | Volcano  | Offered knowledge of Fireball by Vehumet.
 22993 | Volcano  | Learned a level 5 spell: Fireball
 23129 | Volcano  | Reached XP level 15. HP: 64/90 MP: 17/30
 23204 | Volcano  | Found a bloodstained altar of Trog.
 23628 | Orc:1    | Reached skill level 12 in Spellcasting
 23966 | Orc:2    | Entered Level 2 of the Orcish Mines
 24118 | Orc:2    | Found a staircase to the Elven Halls.
 24383 | Orc:2    | Reached skill level 10 in Conjurations
 24546 | Orc:2    | Offered knowledge of Lee's Rapid Deconstruction by Vehumet.
 24574 | Orc:1    | Learned a level 5 spell: Lee's Rapid Deconstruction
 25021 | Orc:2    | Found Logor Fajuu's Antique Weapon Shoppe.
 25021 | Orc:2    | Found Budghic's Jewellery Emporium.
 25035 | Orc:2    | Found Quipreg's Antique Armour Emporium.
 25035 | Orc:2    | Found Rushrei's Antique Armour Shoppe.
 25045 | Orc:2    | Bought a pair of bloodstained boots for 294 gold pieces
 25045 | Orc:2    | Identified the +1 pair of boots of Beyond {Harm Fly rF+
                  | rCorr} (You bought it in a shop on level 2 of the Orcish
                  | Mines)
 25056 | Orc:2    | Bought a +6 ring of intelligence for 468 gold pieces
 25325 | Swamp:1  | Entered Level 1 of the Swamp
 25338 | Swamp:1  | Noticed Donald
 25341 | Swamp:1  | Killed Donald
 26292 | Swamp:2  | Identified the serpent talisman "Daokagush" {rF+ rC+ Int+3}
 26292 | Swamp:2  | Noticed Aizul
 26297 | Swamp:2  | Killed Aizul
 26586 | Swamp:2  | Reached skill level 10 in Fighting
 27301 | Swamp:2  | Noticed a ghoul
 27313 | Swamp:2  | Killed a ghoul
 27594 | Swamp:2  | Reached XP level 16. HP: 88/97 MP: 23/32
 28074 | Swamp:2  | Identified the +5 ring mail of Leapfrog {+Inv rElec Str-2
                  | SInv}
 28137 | Swamp:2  | Learned a level 3 spell: Passwall
 28245 | Swamp:2  | Noticed a fenstrider witch
 28245 | Swamp:2  | Noticed a fenstrider witch
 28247 | Swamp:2  | Killed a fenstrider witch
 28247 | Swamp:2  | Killed a fenstrider witch
 28248 | Swamp:2  | Reached skill level 10 in Fire Magic
 28368 | Swamp:2  | Got the Handbook of Venomous Necromancy
 28465 | Swamp:3  | Reached skill level 13 in Spellcasting
 28753 | Swamp:3  | Noticed Mara
 28861 | Swamp:3  | Noticed Majang's illusion
 28868 | Swamp:3  | Killed Mara
 28956 | Swamp:3  | Noticed Nikola
 28964 | Swamp:3  | Killed Nikola
 29960 | Swamp:4  | Entered Level 4 of the Swamp
 29960 | Swamp:4  | Noticed Bai Suzhen
 30267 | Swamp:4  | Killed Bai Suzhen
 30768 | Swamp:4  | Noticed a thorn hunter
 30905 | Swamp:4  | Noticed a fenstrider witch
 30908 | Swamp:4  | Killed a thorn hunter
 31031 | Swamp:4  | Reached skill level 10 in Staves
 31048 | Swamp:4  | Noticed a fenstrider witch
 31050 | Swamp:4  | Killed a fenstrider witch
 31056 | Swamp:4  | Killed a fenstrider witch
 31057 | Swamp:4  | Reached XP level 17. HP: 102/102 MP: 21/34
 31888 | Swamp:4  | Reached ****** piety under Vehumet
 32314 | Swamp:4  | Got a decaying rune of Zot
 32553 | Snake:1  | Entered Level 1 of the Snake Pit
 32723 | Orc:2    | Bought a ring of magical power for 260 gold pieces
 33082 | Snake:1  | Offered knowledge of Spellforged Servitor by Vehumet.
 33495 | Snake:1  | Learned a level 6 spell: Starburst
 33692 | Snake:1  | Reached skill level 14 in Spellcasting
 33805 | Snake:1  | Found an ornate altar of the Wu Jian Council.
 33813 | Snake:1  | You are sucked into a shaft and drop 1 floor!
 35185 | Snake:3  | Identified the +7 great sword "Lietoire" {holy, +Blink
                  | rPois Will++ Dex+4}
 35592 | Snake:3  | Reached XP level 18. HP: 69/107 MP: 17/36
 36050 | Snake:4  | Entered Level 4 of the Snake Pit
 36174 | Snake:4  | Offered knowledge of Orb of Destruction by Vehumet.
 36186 | Snake:3  | Learned a level 7 spell: Orb of Destruction
 36354 | Snake:4  | Noticed Vashnia
 36360 | Snake:4  | Killed Vashnia
 36995 | Snake:4  | Reached skill level 10 in Evocations
 37504 | Snake:4  | Found a runed translucent door.
 37506 | Snake:4  | Noticed TuffENuff's ghost (adept FoFi)
 37865 | Snake:4  | Found Rudiweliy's Magic Scroll Boutique.
 38043 | Snake:4  | Reached skill level 15 in Spellcasting
 38261 | Snake:4  | Got a serpentine rune of Zot
 38612 | D:13     | Got Sif Muna's Catalogue of the Volcano
 39003 | D:13     | Noticed Jorgrun
 39008 | D:13     | Killed Jorgrun
 39380 | D:14     | Found Lafugeg's General Store.
 39696 | D:14     | Noticed Nessos
 39700 | D:14     | Killed Nessos
 39808 | D:14     | Noticed Frances
 39812 | D:14     | Killed Frances
 39940 | D:14     | Offered knowledge of Ignition by Vehumet.
 40050 | D:14     | Noticed Josephine
 40052 | D:14     | Killed Josephine
 40239 | D:14     | Reached XP level 19. HP: 112/112 MP: 29/38
 40623 | D:14     | Found a runed translucent gate.
 40623 | D:14     | Found a runed translucent gate.
 40625 | D:14     | Found a runed translucent gate.
 40628 | D:14     | Noticed Uummannaq's ghost (journeyman MiFi)
 40809 | D:14     | Noticed Louise
 40828 | D:14     | Killed Louise
 40985 | D:14     | Found a gate to the Vaults.
 41004 | D:14     | Learned a level 8 spell: Ignition
 41158 | D:14     | Killed Uummannaq's ghost
 41159 | D:14     | Reached skill level 10 in Dodging
 41310 | D:15     | Entered Level 15 of the Dungeon
 41701 | D:15     | Offered knowledge of Polar Vortex by Vehumet.
 41701 | D:15     | Offered knowledge of Maxwell's Capacitive Coupling by
                  | Vehumet.
 41854 | D:15     | Found a staircase to the Depths.
 42652 | Elf:1    | Entered Level 1 of the Elven Halls
 43211 | Elf:1    | Got Xaihuti's Notes on the Barrage
 43607 | Elf:1    | Reached skill level 16 in Spellcasting
 43855 | Elf:2    | Identified the +2 robe of Mutualism {rElec rF- rCorr}
 43875 | Elf:2    | Reached skill level 15 in Earth Magic
 43948 | Elf:2    | Noticed Azrael
 43957 | Elf:2    | Killed Azrael
 44160 | Elf:2    | Found a magical portal.
 44173 | WizLab   | Entered Doroklohe's Tomb
 44380 | WizLab   | Noticed a dread lich
 44388 | WizLab   | Killed a dread lich
 44500 | WizLab   | Identified the +1 pair of gloves "Nostroc" {Harm *Corrode
                  | rF+++ Int+3}
 44520 | WizLab   | Identified the +2 ring mail "Ucuble" {Rampage Str-3 Int+7
                  | Dex+3}
 44524 | WizLab   | Identified the +1 robe "Ytwirec" {rPois Int+2}
 44606 | WizLab   | Identified the +7 chain mail "Sodghen" {rElec rF+}
 44688 | Elf:2    | Reached XP level 20. HP: 117/117 MP: 37/40
 44994 | Elf:2    | Found a runed translucent gate.
 44995 | Elf:2    | Found a runed translucent gate.
 44995 | Elf:2    | Found a runed translucent gate.
 45129 | Elf:2    | Identified the +8 war axe of Timuul {pain, Dex+4}
 45135 | Elf:2    | Paralysed by an air elemental for 1 turns
 45303 | Elf:2    | Reached skill level 15 in Fire Magic
 46001 | Elf:2    | Identified the blade talisman of Resilience {Will- Str+4}
 46439 | D:10     | Killed HourglassMan's ghost
 46843 | Lair:4   | Killed Odimp's ghost
 46969 | Snake:4  | Killed TuffENuff's ghost
 47113 | Snake:4  | Identified the staff "Jenis" {rC+ Int+3 Ice}
 47357 | Vaults:1 | Entered Level 1 of the Vaults
 47365 | Vaults:1 | Noticed Norris
 47374 | Vaults:1 | Killed Norris
 48041 | Vaults:1 | Noticed Saint Roka
 48060 | Vaults:1 | Killed Saint Roka
 48562 | Vaults:1 | Reached skill level 15 in Conjurations
 48563 | Vaults:1 | Reached skill level 17 in Spellcasting
 49201 | Vaults:1 | Reached XP level 21. HP: 122/122 MP: 27/42
 50152 | Vaults:2 | Found a crumbling gateway.
 50291 | Desolati | Entered the Desolation of Salt
 50462 | Desolati | Got the Quarto of Outbursts and Hypothermia
 50486 | Desolati | Learned a level 9 spell: Shatter
 50639 | Desolati | Got Qoorghabe's Disquisition on Cloudy Fulmination
 50642 | Desolati | Identified the +1 helmet of Sif Muna's Grace {+Inv}
 51227 | Desolati | Got the Atlas of the Wintry Sixfirhy
 51238 | Desolati | Found the +10 tower shield of Ignorance {rN+ Int-4}
 51251 | Desolati | Identified the amulet of Dim Light {RegenMP Rampage rElec
                  | Int+3}
 51321 | Desolati | Got Geum's Book of Transportation and Breath
 51490 | Desolati | Identified the +0 scale mail of Greed {*Slow rN+ Dex+5}
 51649 | Desolati | Identified the ring "Tinoina" {AC+4 Str+3 Int+2 Slay+3}
 51832 | Vaults:2 | Reached skill level 18 in Spellcasting
 52387 | Vaults:2 | Found Domom's Assorted Antiques.
 52486 | Vaults:2 | Reached XP level 22. HP: 113/127 MP: 44/44
 53057 | Vaults:2 | Identified the +3 ring mail of the Hidden Portals {rElec
                  | rPois rCorr Stlth-}
 54188 | Vaults:3 | Noticed Zenata
 54196 | Vaults:3 | Killed Zenata
 54272 | Vaults:3 | Found a staircase to the Crypt.
 54272 | Vaults:3 | Found an ancient bone altar of Kikubaaqudgha.
 54272 | Vaults:3 | Found a basalt altar of Yredelemnul.
 55704 | Vaults:4 | Reached skill level 19 in Spellcasting
 55940 | Vaults:4 | Found Usoxkaqi's General Store.
 55952 | Vaults:4 | Bought a scroll of amnesia for 96 gold pieces
 55952 | Vaults:4 | Bought a potion of cancellation for 192 gold pieces
 56093 | Vaults:4 | Got the Discourse on Virous Firn
 56173 | Vaults:4 | Reached XP level 23. HP: 132/132 MP: 46/46
 56832 | Depths:1 | Entered Level 1 of the Depths
 57362 | Depths:1 | Learned a level 9 spell: Fire Storm
 57463 | Depths:1 | Found a corrupted altar of Lugonu.
 57492 | Depths:1 | Found Jomar's Jewellery Emporium.
 57943 | Depths:1 | Found a gateway to Hell.
 58019 | Hell     | Entered the Vestibule of Hell
 58019 | Hell     | Noticed Geryon
 58030 | Hell     | Killed Geryon
 58057 | Hell     | Reached skill level 20 in Spellcasting
 58191 | Hell     | Found a gateway to the Iron City of Dis.
 58257 | Hell     | Found a gateway to the freezing wastes of Cocytus.
 58411 | Hell     | Found a gateway to the decaying netherworld of Tartarus.
 58446 | Hell     | Reached XP level 24. HP: 137/137 MP: 47/47
 58599 | Hell     | Found a gateway to the ashen valley of Gehenna.
 59528 | Vaults:2 | Bought a potion of mutation for 328 gold pieces
 59783 | Depths:2 | Noticed a caustic shrike
 59789 | Depths:2 | Killed a caustic shrike
 60139 | Depths:2 | Found a one-way gate leading to the halls of Pandemonium.
 61135 | Depths:3 | Reached skill level 21 in Spellcasting
 61147 | Depths:3 | Noticed a juggernaut
 61152 | Depths:3 | Killed a juggernaut
 61345 | Depths:3 | Learned a level 8 spell: Lehudib's Crystal Spear
 61642 | Depths:3 | Found a shimmering altar of Xom.
 61725 | Depths:3 | Identified the +0 robe "Pepsaon" {rN+ rCorr Dex-4 SInv}
 61884 | Depths:3 | Found a runed translucent door.
 62360 | Depths:4 | Entered Level 4 of the Depths
 62594 | Depths:4 | Reached XP level 25. HP: 141/141 MP: 40/48
 62680 | Depths:4 | Noticed a juggernaut
 62685 | Depths:4 | Killed a juggernaut
 62895 | Depths:4 | Found a gate to the Realm of Zot.
 63162 | Depths:4 | Found a one-way gateway to a ziggurat.
 63742 | Elf:3    | Entered Level 3 of the Elven Halls
 63951 | Elf:3    | Identified a scroll of acquirement
 63976 | Elf:3    | Acquired 653 gold pieces
 64016 | Elf:3    | Found a runed translucent door.
 64016 | Elf:3    | Noticed nitefall's ghost (adept MiBe)
 64319 | Elf:3    | Identified the +4 orcbow "Giant's Toothpick" {elec, rF+
                  | Dex+3}
 64320 | Elf:3    | Identified the +1 robe of the Eye-covered God {Dex+5}
 64322 | Elf:3    | Identified the +1 leather armour "Govuyhud" {rC- Regen+
                  | Dex+4}
 64412 | Elf:3    | Reached skill level 22 in Spellcasting
 64577 | Elf:3    | Killed nitefall's ghost
 64892 | Elf:3    | Identified the staff "Furet" {rPois rN+ Stlth- Summ
                  | Alchemy}
 64898 | Elf:3    | Identified the +1 pair of gloves of the Griffon {+Inv Str+4
                  | Dex+3}
 64918 | Elf:3    | Got the Directory of Translocated Silt
 64923 | Elf:3    | Got the Lectures on Dislocation
 64927 | Elf:3    | Got Def Wao's Compilation of Charged Venin
 64933 | Elf:3    | Identified the +7 orcbow of Guile {drain, rF++ Will- Int+2}
 65823 | Vaults:5 | Entered Level 5 of the Vaults
 65826 | Vaults:5 | Reached skill level 1 in Throwing
 65842 | Vaults:5 | Noticed Xtahua
 65956 | Vaults:5 | Reached XP level 26. HP: 147/147 MP: 49/49
 65959 | Vaults:5 | Identified the +8 quarterstaff "Ifitug" {flame, Str+3}
 65964 | Vaults:5 | Killed Xtahua
 66440 | Vaults:4 | Learned a level 8 spell: Borgnjor's Revivification
 66536 | Vaults:5 | Reached skill level 1 in Necromancy
 66547 | Vaults:5 | Noticed a dread lich
 66633 | Abyss:2  | Cast into level 2 of the Abyss (a deep elf sorcerer)
 66741 | Abyss:2  | Found a corrupted altar of Lugonu.
 67373 | Abyss:2  | Found a corrupted altar of Lugonu.
 67503 | Abyss:3  | Found a corrupted altar of Lugonu.
 67510 | Abyss:3  | Found a corrupted altar of Lugonu.
 67510 | Abyss:3  | Found a corrupted altar of Lugonu.
 67697 | Abyss:3  | Reached skill level 23 in Spellcasting
 67883 | Vaults:5 | Escaped the Abyss
 67887 | Vaults:5 | Killed a dread lich
 67888 | Vaults:5 | Reached XP level 27. HP: 145/155 MP: 8/50
 67953 | Vaults:5 | Identified the +7 long sword of Neqoi {freeze, rPois}
 67953 | Vaults:5 | Identified the ring of the Bashing Gods {rF- rN+ rCorr
                  | Dex+5}
 68315 | Vaults:5 | Identified the +10 plate armour of Articulation {Regen+
                  | Str+4 Int-3}
 68380 | Vaults:5 | Got the Atlas of the Shot
 68462 | Vaults:5 | Got the Papyrus of Displaced Algor
 68475 | Vaults:5 | Got a silver rune of Zot
 68476 | Vaults:5 | Identified the +7 rapier "Lifaliaj" {heavy, ^Fragile rElec
                  | rF+ rN+}
 68593 | Vaults:5 | Got the Atlas of Glacial Space
 68682 | Vaults:5 | Identified the +1 robe "Vesu" {rF- Str+3 Archmagi}
 69380 | Crypt:1  | Entered Level 1 of the Crypt
 69629 | Crypt:1  | Noticed Margery
 69636 | Crypt:1  | Killed Margery
 69641 | Crypt:1  | Identified the orb "Cucvo" {*channel, Regen+ Dex-3 SInv
                  | Ice}
 69641 | Crypt:1  | Noticed Frederick
 69643 | Crypt:1  | Killed from afar by Frederick

Illustrated notes

Levels and vault maps discovered:
D:1:      minmay_arrival_stair_chambers, layout_basic, minmay_misc_feat_room,
          ebering_dispersal_statue_hall
D:2:      layout_rooms
D:3:      layout_loops_cross, grunt_temple_overflow_open
D:4:      lemuel_castle_with_subvaults [lemuel_castle_interior_carwin_2],
          layout_basic, kennysheep_diamond, uniq_duvessa
D:5:      layout_loops_ring, uniq_prince_ribbit1
D:6:      layout_basic, nicolae_dithmenos_through_a_glass_darkly,
          hangedman_abyss_or_decor_lesser_grid
D:7:      layout_gridville, minmay_temple_entry_mini_moons, serial_shops, shop,
          minmay_hollow_rounded_squares
D:8:      statuecave_lemuel, layout_basic, serial_bayou_pond_d, glass_columns_a,
          uniq_pikel
D:9:      layout_long_grid
D:10:     layout_roguey, gammafunk_ghost_hive, minmay_lindwurm_lava
D:11:     layout_basic, dpeg_lair_monsters, nicolae_figureground_sparkle
D:12:     layout_basic, orc_0_dummy, portal_ice_cave_entry_pillars_1,
          zin_statuary
D:13:     layout_basic, serial_glass, glass_columns_a, glass_columns_b,
          uniq_jorgrun
D:14:     layout_loops_corners, grunt_vaults_entry_tiered,
          dreamdust_princess_bridge, gammafunk_ghost_spectres, serial_shops,
          nicolae_shop_waterfront, minivault_7, uniq_josephine, uniq_nessos,
          uniq_frances, uniq_louise
D:15:     hangedman_depths_entry_try_elsewhere_first, layout_irregular_city,
          serial_co_window_serial, co_window_cross_1, co_window_paths_b,
          co_window_paths_a, co_window_paths_a, co_window_paths_a,
          co_window_unsneaky_path_c, co_window_corner_b, co_window_2corner,
          co_window_paths_d, glass_columns_a, serial_park_tiny_1
Temple:   nicolae_temple_bog_church
Lair:1:   layout_cave_pods, chequers_serial_rivers_micro_c, serial_bayou_pond_b,
          grunt_megastairs_2, infiniplex_staircase_pool_2
Lair:2:   nzn_winding_woodlands_small [nzn_winding_woodlands_5x15_twine,
          nzn_winding_woodlands_center_triple_pond,
          nzn_winding_woodlands_5x15_cabin], layout_regular_city,
          minmay_shattered_shrine
Lair:3:   layout_hall_layers, minmay_swamp_entry_reptiles,
          guppyfry_snake_entry_island
Lair:4:   layout_hall_layers, basic_altar, gammafunk_ghost_abyssal_escape,
          serial_rivers, chequers_serial_rivers_room_a,
          chequers_serial_rivers_room_a, chequers_serial_rivers_micro_b,
          chequers_serial_rivers_large_a, chequers_serial_rivers_marsh,
          grunt_megastairs_4
Lair:5:   evilmike_catoblepas_cave, layout_regular_city, slime_entry_2,
          basic_altar, lemuel_fruit_tree
Swamp:1:  layout_falls_marsh, evilmike_swamp_ruin_house_4,
          nicolae_swamp_tree_isthmus, uniq_donald
Swamp:2:  regret_index_all_hallows'_manor, layout_basic_swamp,
          nicolae_swamp_bean_lake, uniq_aizul
Swamp:3:  layout_basic_swamp, evilmike_swamp_ruin_house_2, swamp_pool_4,
          nicolae_swamp_little_tower, grunt_hermit_hut,
          infiniplex_staircase_pool, uniq_mara, uniq_nikola
Swamp:4:  nzn_swamp_witches_coven, layout_basic_swamp, swamp_pool_4,
          nicolae_swamp_small_spring, uniq_bai_suzhen
Snake:1:  layout_gridlike, basic_altar
Snake:2:  layout_cave_town
Snake:3:  layout_misc_corridors
Snake:4:  grunt_snake_rune_serpentine_throne, layout_chambers, serial_shops,
          nicolae_shop_tiny_waterfront, gammafunk_ghost_grave,
          serial_library_regret_index_turning, uniq_vashnia
Orc:1:    layout_diamond_mine, nicolae_volcano_entry_lava_flow,
          nicolae_orc_bridge_out
Orc:2:    st_orc_mages, layout_diamond_mine
Elf:1:    layout_gridlike, minmay_elf_annihilation,
          serial_library_hellmonk_reading_circle, grunt_megastairs_1
Elf:2:    nicolae_elf_blades_crystal_corner, layout_gridlike, mu_enter_wizlab_4,
          grunt_megastairs_5, uniq_azrael
Elf:3:    minmay_elf_hall_statues, layout_loops_ring, gammafunk_ghost_grave
Vaults:1: hangedman_vaults_locks, nicolae_vaults_three_branches,
          ontoclasm_vaults_eye, nicolae_vaults_sightless_eye,
          hangedman_vaults_unwind, nicolae_vaults_arrows,
          ontoclasm_vaults_decontamination, nicolae_vaults_trapezoid_lopsided_1,
          nicolae_vaults_diamond_1, layout_vaults_omnicross, uniq_saint_roka,
          uniq_norris
Vaults:2: portal_desolation_entry_nicolae_slug, vaults_dpeg_ring,
          nicolae_vaults_offset_grid_hallway_3,
          nicolae_vaults_storage_room_water, hangedman_vaults_maws,
          st_octagons_1, nicolae_vaults_spaceships, v_rooms_6, v_pattern_4,
          v_alt_pattern_2, v_misc_14, nicolae_vaults_apartment_1,
          layout_vaults_omnibox, serial_shops, nicolae_shop_tiny_waterfront
Vaults:3: ontoclasm_vaults_twist, v_alt_pattern_4, nicolae_vaults_puzzle_piece,
          vaults_room_fours, v_alt_pattern_6, v_pattern_3,
          nicolae_vaults_tetromino_L_2, nicolae_vaults_house_1,
          nicolae_vaults_asterisk, ontoclasm_vaults_chip,
          layout_vaults_big_room, minmay_crypt_entry_necro_gods, uniq_zenata
Vaults:4: nicolae_vaults_heart-shaped_vault, nicolae_vaults_little_squares_2,
          nicolae_vaults_lightning_bolt, ontoclasm_vaults_echo, v_alt_pattern_1,
          v_misc_3, vaults_room_fancy_cross,
          vaults_room_grunt_arrival_checkpoint, nicolae_vaults_circle_grid_b,
          nicolae_vaults_border_crossing, hangedman_vaults_trim,
          nicolae_vaults_closet_pinwheel_1, layout_vaults_quadrants,
          serial_shops, nicolae_shop_trees
Vaults:5: serial_shops, uniq_xtahua
Crypt:1:  layout_chaotic_city, nicolae_crypt_deepening_niches, uniq_frederick,
          uniq_margery
Depths:1: layout_gridlike, corexii_leaking_fountain, serial_shops, shop,
          hangedman_tar_grid_catacomb, abyss_entry_flame_altar, dispersion_dpeg
Depths:2: minmay_complete_graph, layout_gridville, rand_demon_pan_entry_7,
          grunt_mini_vestibule, minmay_three_doors
Depths:3: minmay_the_grid_four_pointed_star_mashed
          [minmay_the_grid_triangle_9x9_thin_v,
          minmay_the_grid_triangle_9x9_subtriangle,
          minmay_the_grid_triangle_9x9_longest,
          minmay_the_grid_triangle_9x9_sprig,
          minmay_the_grid_prize_inner_circle], layout_cave_pools, hellmouth_1,
          abyss_entry, regret_index_xom_buried_treasure
Depths:4: grunt_zot_entry_bicorn, layout_basic, enter_ziggurat_e,
          minmay_splitting_lines, pf_coc_iceberg, glass_columns_b
Hell

Skill      XL: |  1  2  3  4  5  6  7  8  9 10 11 12 13 14 15 16 17 18 19 20 21 22 23 24 25 26 27 |
---------------+----------------------------------------------------------------------------------+-----
Earth Magic    | 4 5 6 7 8 9 10 11 12 13 14 15 16 17 18 20 21 | 21.6
Spellcasting   | 3 4 5 6 7 8 9 10 11 12 13 14 15 16 17 18 19 20 21 22 23 | 23.2
Conjurations   | 2 3 4 5 6 7 8 9 10 11 12 13 15 16 18 19 20 21 | 21.6
Fighting       | 1 2 3 4 5 6 7 8 9 10 11 | 11.7
Staves         | 1 2 3 4 5 6 7 8 9 10 11 12 | 12.1
Fire Magic     | 1 2 3 4 5 6 8 9 11 12 13 14 16 17 18 19 20 | 20.8
Evocations     | 1 2 3 4 5 6 7 8 9 10 11 12 | 12.2
Dodging        | 2 3 4 5 6 7 8 9 10 11 | 11.0
Shields        | 2 4 5 6 |  6.0
Throwing       | 1 4 |  4.9
Necromancy     | 2 3 |  3.2
Stealth        | |  2.1

Action                     |  1- 3 |  4- 6 |  7- 9 | 10-12 | 13-15 | 16-18 | 19-21 | 22-24 | 25-27 || total
---------------------------+-------+-------+-------+-------+-------+-------+-------+-------+-------++-------
  Melee: Whip              |     4 |       |       |       |       |       |       |       |       ||     4
         Short sword       |       |       |    32 |    12 |       |       |       |       |       ||    44
         Flail             |       |       |       |    20 |    66 |    63 |    21 |       |       ||   170
         Staff             |       |       |       |       |       |       |     4 |    11 |   107 ||   122
   Cast: Sandblast         |    39 |    64 |   177 |   217 |   358 |   156 |    36 |    12 |     8 ||  1067
         Stone Arrow       |       |     7 |    10 |    74 |    85 |    21 |     5 |       |       ||   202
         Scorch            |       |       |     1 |     7 |     2 |       |       |       |     1 ||    11
         Sticky Flame      |       |       |       |    18 |    45 |     1 |       |       |       ||    64
         Bombard           |       |       |       |    16 |   102 |    63 |    93 |    73 |    17 ||   364
         Fireball          |       |       |       |       |   105 |   227 |    98 |   108 |     9 ||   547
         Lee's Rapid Decon |       |       |       |       |       |   110 |   293 |   168 |    93 ||   664
         Passwall          |       |       |       |       |       |     6 |       |       |       ||     6
         Starburst         |       |       |       |       |       |    11 |    12 |    32 |     6 ||    61
         Orb of Destructio |       |       |       |       |       |    10 |     8 |     1 |       ||    19
         Ignition          |       |       |       |       |       |       |    15 |    13 |     5 ||    33
         Shatter           |       |       |       |       |       |       |       |    85 |    39 ||   124
         Fire Storm        |       |       |       |       |       |       |       |    47 |    88 ||   135
         Lehudib's Crystal |       |       |       |       |       |       |       |    14 |    39 ||    53
  Evoke: Wand              |       |       |       |    11 |    12 |     2 |     3 |       |       ||    28
         Phantom mirror    |       |       |       |       |     1 |     2 |       |       |       ||     3
         Lightning rod     |       |       |       |       |     1 |     2 |       |       |       ||     3
         Tin of tremorston |       |       |       |       |       |     4 |     1 |       |       ||     5
         Box of beasts     |       |       |       |       |       |     2 |       |       |       ||     2
    Use: Scroll            |       |     8 |     4 |    15 |     7 |     7 |     6 |     3 |     5 ||    55
         Potion            |       |     3 |     1 |     2 |     1 |       |     3 |     2 |     2 ||    14
   Stab: Petrified         |       |       |       |       |     6 |       |       |       |       ||     6
 Armour: Robe              |     6 |    24 |    62 |   132 |   253 |   198 |   124 |   136 |   173 ||  1108
         Skin              |       |       |    18 |       |       |       |       |       |       ||    18
  Dodge: Dodged            |    14 |    32 |   131 |   194 |   301 |   125 |    83 |    66 |    89 ||  1035
  Block: Buckler           |       |       |       |    82 |   134 |    76 |    39 |    40 |    49 ||   420
